 Dungeon Crawl Stone Soup version 0.30-a0-639-g3916f1956a (webtiles) character file.

Game seed: 4447915348787799795

1253 wormed the Slicer (level 8, -6/49 HPs)
             Began as a Kobold Brigand on Jan 16, 2023.
             Mangled by a gnoll
             ... wielding a +0 flail
             ... led by a gnoll sergeant
              (9 damage)
             ... on level 6 of the Dungeon.
             The game lasted 00:05:13 (4770 turns).

wormed the Slicer (Kobold Brigand)                  Turns: 4770, Time: 00:05:14

Health: -6/49      AC:  3    Str:  9    XL:     8   Next: 80%
Magic:  8/8        EV: 17    Int: 12    God:
Gold:   244        SH:  0    Dex: 18    Spells: 7/7 levels left

rFire   . . .      SeeInvis .    v - +7 short sword "Poapp" {freeze, rElec Stlth+}
rCold   . . .      Faith    .    (no shield)
rNeg    . . .      Spirit   .    b - +0 robe
rPois   .          Reflect  .    (no helmet)
rElec   +          Harm     .    c - +0 cloak
rCorr   .          Rampage  .    (no gloves)
Will    .....                    (no boots)
Stlth   ++++++                   (no amulet)
HPRegen 0.28/turn                (no ring)
MPRegen 0.11/turn                (no ring)

@: no status effects
A: small, no large weapons, nightstalker 3
a: no special abilities


You were on level 6 of the Dungeon.
You visited 1 branch of the dungeon, and saw 6 of its levels.

You collected 244 gold pieces.

Inventory:

Hand Weapons
 a - a +3 dagger
 m - the +3 short sword "Lebrithe" {flame, rF+ rN+ Stlth+}
   (You found it on level 3 of the Dungeon)

   rF:        It protects you from fire.
   rN:        It protects you from negative energy.
   Stlth:     It makes you more stealthy.
 v - the +7 short sword "Poapp" (weapon) {freeze, rElec Stlth+}
   (You acquired it on level 4 of the Dungeon)

   rElec:     It insulates you from electricity.
   Stlth:     It makes you more stealthy.
Missiles
 d - 13 poisoned darts
 e - 3 curare-tipped darts
 p - 2 throwing nets (quivered)
Armour
 b - a +0 robe (worn)
 c - a +0 cloak (worn)
Jewellery
 k - a ring of wizardry
 l - a ring of fire
Wands
 w - a wand of iceblast (6)
Scrolls
 h - 2 scrolls of identify
 i - a scroll of amnesia
 q - a scroll of teleportation
 u - a scroll of enchant weapon
 y - a scroll of fog
 B - a scroll of fear {unknown}
Potions
 f - 3 potions of lignification
 g - 2 potions of brilliance
 j - 2 potions of magic
 n - a potion of ambrosia
 o - 2 potions of cancellation
 r - 4 potions of attraction
 s - a potion of might
 t - 4 potions of heal wounds
 x - a potion of flight {unknown}
 z - a potion of curing {unknown}
 A - a potion of invisibility {unknown}


   Skills:
 + Level 5.2 Fighting
 * Level 8.7 Short Blades
 - Level 2.1 Throwing
 + Level 5.3 Dodging
 + Level 8.2 Stealth


You had 7 spell levels left.
You didn't know any spells.
Your spell library contained the following spells:

 Spells                   Type           Power      Damage    Failure   Level
 Vhi's Electric Charge    Tloc/Air       0%         N/A       69%         3
 Arcjolt                  Conj/Air       0%         1d10      100%        5
 Maxwell's Capacitive Co  Air            0%         ∞         100%        8


Dungeon Overview and Level Annotations

Branches:
Dungeon (6/15)
 Temple: D:4-7

Altars:

Shops:
D:4 [

Annotations:
D:5 1 runed translucent door, Vylera's ghost, novice DsGl


Innate Abilities, Weirdness & Mutations

You are small and have problems with some larger weapons.
You are completely attuned to the shadows.


Message History

You are too injured to fight recklessly!
You are too injured to fight recklessly!
You are too injured to fight recklessly!
You are too injured to fight recklessly!
You are too injured to fight recklessly!
You are too injured to fight recklessly!
You are too injured to fight recklessly!
You are too injured to fight recklessly!
You are too injured to fight recklessly!
You are too injured to fight recklessly!
You are too injured to fight recklessly!
You are too injured to fight recklessly!
You are too injured to fight recklessly!
You are too injured to fight recklessly!
You are too injured to fight recklessly!
You are too injured to fight recklessly!
You are too injured to fight recklessly!
You are too injured to fight recklessly!
You are too injured to fight recklessly!
You are too injured to fight recklessly!
You are too injured to fight recklessly!
You hit the gnoll. You freeze the gnoll.
The gnoll is lightly wounded.
You hit the gnoll. You freeze the gnoll.
The gnoll is moderately wounded.
The gnoll closely misses you. The gnoll misses you.
The gnoll hits you from afar with a +0 spear.
The gnoll completely misses you. The gnoll sergeant barely misses you.
You hit the gnoll. You freeze the gnoll.
The gnoll is heavily wounded.
The gnoll closely misses you. The gnoll barely misses you.
The gnoll hits you with a +0 flail!
* * * LOW HITPOINT WARNING * * *
The gnoll hits you from afar with a +0 spear!
* * * LOW HITPOINT WARNING * * *
The gnoll closely misses you. The gnoll sergeant closely misses you.
The gnoll attacks as you move away! The gnoll hits you with a +0 club.
* * * LOW HITPOINT WARNING * * *
The gnoll hits you with a +0 flail!
You die...

#..####. ..#.......
..#.g.g...
.....g.....
.....gg....
...##@g#...
........#...
...........[
......#####
........# ...
...........###
#..##.............#
##>...............
.##..)))........(.#.


You could see a gnoll sergeant and 5 gnolls.

Vanquished Creatures
  Edmund (D:5)
  2 black bears
  A phantom (D:5)
  2 scorpions
  3 wights (D:6)
  An orc priest (D:6)
  A hound (D:5)
  2 jellies (D:5)
  2 iguanas (D:6)
  Ijyb (D:5)
  8 orc wizards
  8 adders
  3 gnolls (D:4)
  An ufetubus (D:5)
  3 dart slugs
  14 orcs
  7 endoplasms
  3 giant cockroaches
  8 goblins
  6 hobgoblins
  4 jackals (D:1)
  2 quokkas
  5 ball pythons
  9 bats
  3 frilled lizards
  5 kobolds
  A rat (D:1)
106 creatures vanquished.

Vanquished Creatures (others)
  A fungus (D:6)
  2 withered plants (D:5)
3 creatures vanquished.

Grand Total: 109 creatures vanquished

Notes
Turn   | Place    | Note
-------+----------+-------------------------------------------
     0 | D:1      | wormed the Kobold Brigand began the quest for the Orb.
     0 | D:1      | Reached XP level 1. HP: 12/12 MP: 1/1
   365 | D:1      | Reached XP level 2. HP: 18/18 MP: 2/2
   625 | D:1      | Reached XP level 3. HP: 22/22 MP: 3/3
   832 | D:2      | Found a faded altar of an unknown god.
   984 | D:2      | Reached XP level 4. HP: 3/27 MP: 4/4
  1337 | D:2      | Reached XP level 5. HP: 23/32 MP: 5/5
  1965 | D:3      | Identified the +3 short sword "Lebrithe" {flame, rF+ rN+
                  | Stlth+}
  2514 | D:4      | Found Kephodif's Armour Shop.
  2521 | D:4      | Reached skill level 5 in Short Blades
  2531 | D:4      | Reached XP level 6. HP: 10/37 MP: 6/6
  3160 | D:4      | Identified a scroll of acquirement
  3160 | D:4      | Acquired the +7 short sword "Poapp" {freeze, rElec Stlth+}
  3194 | D:5      | Entered Level 5 of the Dungeon
  3277 | D:5      | Reached XP level 7. HP: 26/42 MP: 7/7
  3403 | D:5      | Noticed Ijyb
  3407 | D:5      | Killed Ijyb
  3530 | D:5      | Noticed Edmund
  3544 | D:5      | Killed Edmund
  3664 | D:5      | Found a runed translucent door.
  3664 | D:5      | Noticed Vylera's ghost (novice DsGl)
  3866 | D:5      | Reached XP level 8. HP: 48/48 MP: 8/8
  4575 | D:6      | Reached skill level 5 in Fighting
  4575 | D:6      | Reached skill level 5 in Dodging
  4770 | D:6      | HP: 2/49 [gnoll/+0 club[a gnoll sergeant] (2)]
  4770 | D:6      | Mangled by a gnoll

Illustrated notes

Levels and vault maps discovered:
D:1:      minmay_arrival_solitary_statue, layout_loops_ring
D:2:      layout_rooms, chequers_ecumenical_altar_island, minmay_tetromino_i4
D:3:      layout_loops_ring
D:4:      layout_cave_pools, serial_shops, kennysheep_little_box
D:5:      layout_basic, gammafunk_ghost_grave, uniq_edmund, uniq_ijyb
D:6:      layout_cave_pools, nicolae_overflow_hallway_of_the_gods,
          minmay_misc_feat_pillars, kennysheep_generic_room_8, uniq_sigmund,
          uniq_crazy_yiuf_cottage

Skill      XL: |  1  2  3  4  5  6  7  8 |
---------------+-------------------------+-----
Short Blades   | 3 4 5 6 7 8 |  8.7
Dodging        | 2 3 4 5 |  5.3
Fighting       | 3 4 5 |  5.2
Stealth        | 6 7 8 |  8.2
Throwing       | |  2.1

Action                   |  1- 3 |  4- 6 |  7- 9 || total
-------------------------+-------+-------+-------++-------
Melee: Dagger            |    63 |    81 |       ||   144
       Punch             |     1 |     1 |       ||     2
       Short sword       |       |    47 |    96 ||   143
Throw: Throwing net      |       |     1 |       ||     1
  Use: Scroll            |     7 |     7 |       ||    14
       Potion            |     1 |       |       ||     1
 Stab: Sleeping          |    14 |    25 |     6 ||    45
       Distracted        |       |     1 |       ||     1
       Held in net/web   |       |     1 |       ||     1
Armor: Robe              |    14 |    14 |     4 ||    32
Dodge: Dodged            |    37 |    59 |    60 ||   156

Table legend: (Time is in decaauts)
 A = Elapsed time spent in this place.
 B = Non-inter-level travel time spent in this place.
 C = Inter-level travel time spent in this place.
 D = Time resting spent in this place.
 E = Time spent auto-exploring this place.
 F = Levels seen in this place.
 G = Mean time per level.
                   A        B        C        D        E       F      G
               +--------+--------+--------+--------+--------+-----+--------+
         Total |   4697 |   4572 |    125 |      0 |   3938 |   6 |  782.8 |
       Dungeon |   4697 |   4572 |    125 |      0 |   3938 |   6 |  782.8 |
               +--------+--------+--------+--------+--------+-----+--------+

Top non-repeatable levels by time:
     D:5: 1284 daAuts
     D:2: 881 daAuts
     D:3: 806 daAuts
     D:4: 757 daAuts
     D:1: 716 daAuts
     D:6: 250 daAuts
